 Dungeon Crawl Stone Soup version 0.31-a0-83-gbff143cfd1 (webtiles) character file.

Game seed: 9152958900652861358

235 IdlyInterested the Trooper (level 5, 0/46 HPs)
             Began as a Demonspawn Wanderer on May 24, 2023.
             Slain by an orc wizard
             ... wielding a +0 dagger
              (1 damage)
             ... on level 4 of the Dungeon.
             The game lasted 00:10:50 (3361 turns).

IdlyInterested the Trooper (Demonspawn Wanderer)    Turns: 3361, Time: 00:10:51

Health: 0/46       AC:  9    Str: 12    XL:     5   Next: 76%
Magic:  14/14      EV: 10    Int: 12    God:
Gold:   174        SH:  5    Dex: 18    Spells: 4/4 levels left

rFire   . . .        n - +0 dagger (drain)
rCold   . . .        e - +0 buckler {AC+3}
rNeg    . . .        c - +1 ring mail
rPois   .            (no helmet)
rElec   .            (no cloak)
rCorr   .            (no gloves)
SInv    .            (no boots)
Will    .....        (no amulet)
Stlth   ++           o - ring of magical power
HPRegen 0.27/turn    q - ring of flight
MPRegen 0.14/turn

%: no passive effects
@: flying
A: thin skeletal structure 1, ignite blood 1, demonic magic 1
a: no special abilities


You were on level 4 of the Dungeon.
You visited 1 branch of the dungeon, and saw 4 of its levels.

You collected 174 gold pieces.

Inventory:

Hand Weapons
 a - a +0 dagger
 j - a +0 short sword
 n - a +0 dagger of draining (weapon)
Missiles
 m - 19 stones (quivered)
Armour
 c - a +1 ring mail (worn)
 e - a +0 buckler of protection (worn)
 i - a +2 pair of boots
Jewellery
 h - a ring of ice
 o - a ring of magical power (left hand)
 q - a ring of flight (right hand)
Scrolls
 f - 2 scrolls of teleportation
 l - a scroll of enchant armour
 w - a scroll of amnesia
Potions
 d - a potion of attraction
 r - a potion of cancellation
 t - a potion of mutation
 u - a potion of enlightenment {unknown}
 v - a potion of magic


   Skills:
 - Level 6.0 Fighting
 * Level 1.7 Short Blades
 - Level 1.0 Throwing
 - Level 1.0 Armour
 + Level 2.4 Dodging
 - Level 1.0 Stealth
 - Level 2.6 Shields
 - Level 1.0 Evocations


You had 4 spell levels left.
You didn't know any spells.
Your spell library contained the following spells:

 Spells                   Type           Power      Damage    Failure   Level
 Ozocubu's Armour         Ice            0%         N/A       97%         3
 Summon Guardian Golem    Hex/Summ       0%         N/A       97%         3
 Orb of Destruction       Conj           0%         9d5       100%        7
 Ozocubu's Refrigeration  Ice            0%         4d7       100%        7
 Spellforged Servitor     Conj/Summ      0%         N/A       100%        7


Dungeon Overview and Level Annotations

Branches:
Dungeon (4/15)
 Temple: D:4-7

Altars:

Portals:
Ossuary: D:4


Innate Abilities, Weirdness & Mutations

You have a somewhat thin skeletal structure. (Dex +2, Stealth+)
Your demonic aura sometimes causes spilled blood to erupt in flames.
Spells you cast may paralyse adjacent enemies.


Message History

The puff of flame hits you.
You feel better. You block the orc's attack.
The orc priest calls down the wrath of Beogh upon you.
Beogh smites you!
* * * LOW HITPOINT WARNING * * *
Something hits you.
* * * LOW HITPOINT WARNING * * *
You feel better. The orc hits you with a +0 mace.
* * * LOW HITPOINT WARNING * * *
The orc priest hits you but does no damage.
You block something's attack.
You barely miss the orc priest.
The orc priest is heavily wounded.
Something hits you but does no damage. The orc priest barely misses you.
The orc hits you but does no damage.
You hit the orc priest.
The orc priest is heavily wounded.
The orc hits you but does no damage.
The orc priest invokes the aid of Beogh against you.
Pain shoots through your body!
* * * LOW HITPOINT WARNING * * *
Something hits you but does no damage.
You hit the orc priest.
The orc priest is severely wounded.
You hear some strange, mumbled words.
A magic dart appears from out of thin air!
The magic dart hits you.
* * * LOW HITPOINT WARNING * * *
You block the orc's attack. The orc priest barely misses you.
You feel better. The orc hits you with a +0 mace.
* * * LOW HITPOINT WARNING * * *
The orc priest hits you with a +0 short sword.
* * * LOW HITPOINT WARNING * * *
Something hits you.
* * * LOW HITPOINT WARNING * * *
It was a potion of magic.
Magic courses through your body. The orc hits you with a +0 mace.
* * * LOW HITPOINT WARNING * * *
The orc priest completely misses you. Something hits you.
You die...

#.......+
+....
##...#### .
####. ##...##
##. ## #.#.#.#
.. # ##...##
#.# ##.##
..#### #.#
.....#.
##.####{......
#.....@o.∩....
#..##o).......
#..##.#.......
#..##.###.....
#...#.# .#.#.
#...... # ..
#...### .
#####


You could see an orc priest (very drained) and an orc (very drained).

Vanquished Creatures
  A scorpion (D:4)
  A hound (D:3)
  A sleepcap (D:4)
  4 gnolls (D:2)
  3 adders
  A worm (D:3)
  2 orcs
  6 endoplasms
  3 giant cockroaches
  6 goblins
  4 hobgoblins
  3 jackals (D:2)
  3 kobolds
  6 ball pythons
  6 bats
  4 frilled lizards
  4 rats (D:1)
58 creatures vanquished.

Notes
Turn   | Place    | Note
-------+----------+-------------------------------------------
     0 | D:1      | IdlyInterested the Demonspawn Wanderer began the quest for
                  | the Orb.
     0 | D:1      | IdlyInterested set off with the following items: a +0
                  | dagger, a potion of curing, a +0 ring mail, a potion of
                  | attraction, a +0 buckler of protection.
     0 | D:1      | Reached XP level 1. HP: 19/19 MP: 1/1
    86 | D:1      | Found a faded altar of an unknown god.
   177 | D:1      | Gained mutation: You have a somewhat thin skeletal
                  | structure. (Dex +2, Stealth+) [demonic ancestry]
   177 | D:1      | Reached XP level 2. HP: 25/25 MP: 2/2
   274 | D:1      | Reached skill level 1 in Stealth
   964 | D:2      | Gained mutation: Your demonic aura sometimes causes spilled
                  | blood to erupt in flames. [demonic ancestry]
   964 | D:2      | Reached XP level 3. HP: 24/31 MP: 3/3
  1024 | D:2      | Reached skill level 1 in Evocations
  1588 | D:2      | Reached skill level 5 in Fighting
  1611 | D:2      | Reached XP level 4. HP: 19/39 MP: 4/4
  1612 | D:2      | HP: 1/39 [gnoll/+0 halberd (8)]
  1624 | D:2      | Reached skill level 1 in Throwing
  2939 | D:3      | Gained mutation: Spells you cast may paralyse adjacent
                  | enemies. [demonic ancestry]
  2939 | D:3      | Reached XP level 5. HP: 46/46 MP: 5/5
  3282 | D:4      | Reached skill level 6 in Fighting
  3282 | D:4      | Reached skill level 1 in Short Blades
  3328 | D:4      | Found a sand-covered staircase.
  3361 | D:4      | HP: 1/46 [orc/+0 mace (4)]
  3361 | D:4      | Slain by an orc wizard

Illustrated notes

Levels and vault maps discovered:
D:1:      sevenhm_arrival_forest_fort_large_2, layout_loops_ring,
          ebering_ecumenical_altar_abandoned
D:2:      layout_basic
D:3:      layout_basic
D:4:      layout_loops_corners, enter_ossuary_1

Skill      XL: |  1  2  3  4  5 |
---------------+----------------+-----
Stealth        | 1 |  1.0
Evocations     | 1 |  1.0
Fighting       | 5 6 |  6.0
Throwing       | 1 |  1.0
Dodging        | 2 |  2.4
Short Blades   | 1 |  1.7
Armour         | |  1.0
Shields        | |  2.6

Action                     |  1- 3 |  4- 6 || total
---------------------------+-------+-------++-------
  Melee: Hand axe          |   113 |       ||   113
         Dagger            |     8 |   124 ||   132
  Throw: Stone             |     3 |       ||     3
    Use: Scroll            |     2 |     4 ||     6
         Potion            |       |     7 ||     7
   Stab: Sleeping          |     9 |     4 ||    13
 Armour: Ring mail         |    66 |    69 ||   135
  Dodge: Dodged            |    69 |    54 ||   123
  Block: Buckler           |    32 |    22 ||    54

Table legend: (Time is in decaauts)
 A = Elapsed time spent in this place.
 B = Non-inter-level travel time spent in this place.
 C = Inter-level travel time spent in this place.
 D = Time resting spent in this place.
 E = Time spent auto-exploring this place.
 F = Levels seen in this place.
 G = Mean time per level.
                   A        B        C        D        E       F      G
               +--------+--------+--------+--------+--------+-----+--------+
         Total |   3404 |   2958 |    446 |     71 |   2099 |   4 |  851.0 |
       Dungeon |   3404 |   2958 |    446 |     71 |   2099 |   4 |  851.0 |
               +--------+--------+--------+--------+--------+-----+--------+

Top non-repeatable levels by time:
     D:2: 1164 daAuts
     D:1: 1033 daAuts
     D:3: 965 daAuts
     D:4: 240 daAuts
